 Dungeon Crawl Stone Soup version 0.29-a0-284-gf9362112df (webtiles) character file.

Game seed: 5758586008084312577

10410 enile the Thaumaturge (level 11, -13/83 HPs)
             Began as a Gnoll Wanderer on Mar 15, 2022.
             Was an Elder of Qazlal.
             Mangled by a stone giant (26 damage)
             ... in a volcano.
             The game lasted 00:29:42 (16763 turns).

enile the Thaumaturge (Gnoll Wanderer)             Turns: 16763, Time: 00:29:43

Health: -13/83     AC: 18    Str: 15    XL:     11   Next: 61%
Magic:  24/24      EV:  6    Int: 15    God:    Qazlal [****..]
Gold:   331        SH: 11    Dex: 13    Spells: 27/29 levels left

rFire   + . .      SeeInvis +   V - +5 morningstar (freeze)
rCold   x . .      Faith    .   Y - +0 buckler
rNeg    . . .      Spirit   .   y - +0 plate armour
rPois   .          Reflect  .   (no helmet)
rElec   .          Harm     .   (no cloak)
rCorr   .          Rampage  .   c - +0 pair of gloves
Will    .....                   (no boots)
Stlth   ..........              (no amulet)
HPRegen 0.23/turn               e - ring of Siubb {AC+4 Int+4 SInv}
MPRegen 0.19/turn               X - ring of fire

@: repel missiles
A: fangs 1, strong nose, distributed training
a: Renounce Religion, Upheaval, Elemental Force


You were in a volcano.
You worshipped Qazlal.
Qazlal was greatly pleased with you.
You visited 2 branches of the dungeon, and saw 11 of its levels.
You also visited: Sewer, Ossuary and Volcano.

You collected 768 gold pieces.
You spent 437 gold pieces at shops.

Inventory:

Hand Weapons
 a - a +2 dagger
 p - a +1 war axe of flaming
 r - a +4 scimitar of flaming
 J - a +2 antimagic spear
 P - the +1 eveningstar of the Imbibing Oracle {freeze, rElec Int+6}
   (You acquired it in an ossuary)

   It freezes those it strikes, dealing additional cold damage.
   It can also slow down cold-blooded creatures.
   Int:       It affects your intelligence (+6).
   rElec:     It insulates you from electricity.
 V - a +5 morningstar of freezing (weapon)
Missiles
 i - 298 stones
 u - 35 poisoned darts
Armour
 c - a +0 pair of gloves (worn)
 s - a +0 kite shield
 y - a +0 plate armour (worn)
 F - +0 acid dragon scales
 Y - a +0 buckler (worn)
Magical Staves
 b - a staff of air
Jewellery
 e - the ring of Siubb (left hand) {AC+4 Int+4 SInv}
   (You found it on level 9 of the Dungeon)

   [ring of protection]

   AC:        It affects your AC (+4).
   Int:       It affects your intelligence (+4).
   SInv:      It lets you see invisible.
 n - a ring of ice
 I - a ring of ice
 K - a ring of see invisible
 U - a +6 ring of dexterity
 X - a ring of fire (right hand)
 Z - an amulet of magic regeneration
Wands
 A - a wand of paralysis (14)
 E - a wand of charming (7)
 H - a wand of flame (5)
 S - a wand of iceblast (10)
Scrolls
 o - 4 scrolls of teleportation
 t - a scroll of brand weapon
 v - 2 scrolls of immolation
 B - a scroll of blinking
 C - 6 scrolls of enchant weapon
 D - 2 scrolls of fog
 G - a scroll of enchant armour
 M - 3 scrolls of amnesia
 N - a scroll of vulnerability
 O - 2 scrolls of noise
 Q - a scroll of silence
Potions
 f - 5 potions of brilliance
 g - a potion of magic
 h - a potion of resistance
 j - a potion of ambrosia
 k - 6 potions of curing
 l - 6 potions of heal wounds {unknown}
 m - 3 potions of degeneration {unknown}
 q - 2 potions of haste
 w - a potion of invisibility {unknown}
 x - a potion of lignification {unknown}
 z - a potion of might {unknown}
 L - 3 potions of attraction {unknown}
 W - 2 potions of mutation {unknown}


   Skills:
 + Level 6.4 Fighting
 + Level 6.4 Short Blades
 + Level 6.4 Long Blades
 + Level 6.4 Axes
 + Level 6.4 Maces & Flails
 + Level 6.4 Polearms
 + Level 6.4 Staves
 + Level 6.4 Slings
 + Level 6.4 Bows
 + Level 6.4 Crossbows
 + Level 9.3 Throwing
 + Level 6.4 Armour
 + Level 7.0 Dodging
 + Level 7.8 Stealth
 + Level 6.4 Shields
 + Level 6.4 Unarmed Combat
 + Level 9.7 Spellcasting
 + Level 5.3 Conjurations
 + Level 5.3 Hexes
 + Level 5.3 Summonings
 + Level 5.3 Necromancy
 + Level 5.3 Translocations
 + Level 5.8 Transmutations
 + Level 5.3 Fire Magic
 + Level 5.3 Ice Magic
 + Level 5.3 Air Magic
 + Level 5.3 Earth Magic
 + Level 5.3 Poison Magic
 + Level 7.1 Invocations
 + Level 6.4 Evocations


You had 27 spell levels left.
You knew the following spells:

 Your Spells              Type           Power      Damage    Failure   Level
a - Passwall              Tmut/Erth      20%        N/A       71%         2

Your spell library contained the following spells:

 Spells                   Type           Power      Damage    Failure   Level
 Animate Skeleton         Necr           46%        N/A       61%         1
 Apportation              Tloc           46%        N/A       61%         1
 Summon Small Mammal      Summ           92%        N/A       61%         1
 Wereblood                Tmut           24%        N/A       67%         2
 Sublimation of Blood     Necr           23%        N/A       75%         2
 Call Canine Familiar     Summ           23%        N/A       93%         3
 Ozocubu's Armour         Ice            23%        N/A       93%         3
 Summon Guardian Golem    Hex/Summ       23%        N/A       93%         3
 Summon Lightning Spire   Summ/Air       23%        N/A       100%        4
 Metabolic Englaciation   Hex/Ice        11%        N/A       100%        5
 Simulacrum               Ice/Necr       11%        N/A       100%        6
 Storm Form               Tmut/Air       12%        N/A       100%        7
 Summon Hydra             Summ           11%        N/A       100%        7
 Maxwell's Capacitive Co  Air            11%        ∞         100%        8


Dungeon Overview and Level Annotations

Branches:
Dungeon (10/15)            Temple (0/1) D:7            Lair (1/6) D:9
  Sewer (visited)         Ossuary (visited)         Volcano (1/1)
    Orc: D:9-12

Altars:
Dithmenos
Fedhas
Makhleb
Okawaru
Qazlal
Ru
Trog
Xom

Shops:
D:1 (   D:7 *

Annotations:
D:3 1 runed translucent door, Patoropollo's ghost, weakling FeTm
D:10 Urug


Innate Abilities, Weirdness & Mutations

You have very sharp teeth.
Your uncanny sense of smell can sniff out nearby items.
Your experience applies equally to all skills.


Message History

The air gets thick with the scent of sulphur.
You feel yourself slow down.
In the distance, the volcano erupts with a roar.
There is an open door, spattered with blood here.
You close the door.
You see here a +4 scimitar of flaming.
r - a +4 scimitar of flaming
Found a fustibalus of flaming.
Found a glowing helmet and a buckler of fire resistance.
Found a scroll of identify.
Found a scroll of fog and a viscous amethyst potion.
Okay, then.
There is an open door here.
Press: ? - help, v - describe, . - travel, g - get item Item here: a quick blade of flaming.
The floor.
You see here a scroll of fog.
You close the door.
A stone giant opens the door.
Aiming: Charm
Press: ? - help, Shift-Dir - straight line, f - stone giant
Aim: a stone giant, quivering large rocks (chance to affect: 16%)
Okay, then.
You see here a +0 fustibalus of flaming.
Read: 2 scrolls of fear
Press: ? - help, Q - select action, (/) - cycle Dir - look around, f - activate Look: a stone giant, quivering large rocks (chance to affect: 64%)
As you read the scroll of fear, it crumbles to dust.
You assume a fearsome visage.
The stone giant easily resists.
The stone giant hits you!!
* * * LOW HITPOINT WARNING * * *
Okay, then.
Read: scroll of fear
Press: ? - help, Q - select action, (/) - cycle Dir - look around, f - activate Look: a stone giant, quivering large rocks (chance to affect: 64%)
As you read the scroll of fear, it crumbles to dust.
You assume a fearsome visage.
The stone giant easily resists.
The stone giant hits you!!
You die...

###############
###.............###
#.................#
#....####8####....#
#....##?[#!)##....#
##.#..##[!@##..#.##
#.##..##?C#..##.#
...##..###☼.## .
#._.###..C..## .#
#.$.# ##...## ∆ #
###### ##'##
##...## #.#
##...#.###.##
##.....###8.8#


You could see a stone giant.

Vanquished Creatures
  2 two-headed ogres (D:8)
  A cane toad (Lair:1)
  A tengu conjurer (D:8)
  2 wraiths
  3 wyverns
  A fire elemental (Volcano)
  6 yaks
  6 fire bats (Volcano)
  A steam dragon (D:8)
  2 acid dragons (D:8)
  5 water moccasins
  2 sky beasts
  3 ice beasts
  A black bear (Lair:1)
  3 orc warriors
  4 ogres
  6 centaurs
  4 kobold brigands
  11 bullfrogs
  2 gnoll sergeants
  An earth elemental (Volcano)
  2 necrophages
  5 scorpions
  4 wights
  5 killer bees (D:8)
  8 lava snakes (Volcano)
  3 hounds
  5 orc priests
  A gnoll shaman (D:7)
  3 orc wizards
  A mummy (Ossuary)
  18 gnolls
  11 adders
  3 shadow imps
  A white imp (D:6)
  2 worms
  2 dart slugs (D:2)
  14 orcs
  9 ball pythons
  4 endoplasms
  12 giant cockroaches
  8 goblins
  5 hobgoblins
  9 jackals
  12 kobolds
  9 quokkas
  7 bats
  11 frilled lizards
  4 gnoll skeletons (Ossuary)
  6 kobold skeletons (Ossuary)
  15 orc skeletons (Ossuary)
  8 rats
274 creatures vanquished.

Vanquished Creatures (collateral kills)
  An efreet (Volcano)
  2 fire elementals (Volcano)
  An earth elemental (Volcano)
4 creatures vanquished.

Vanquished Creatures (others)
  A fungus (Lair:1)
  2 plants
3 creatures vanquished.

Grand Total: 281 creatures vanquished

Notes
Turn   | Place    | Note
-------+----------+-------------------------------------------
     0 | D:1      | enile the Gnoll Wanderer began the quest for the Orb.
     0 | D:1      | enile set off with the following items: a +2 dagger, 3
                  | curare-tipped darts, a +0 pair of gloves, a scroll of fear,
                  | a +0 robe; and the following spells available to memorise:
                  | Wereblood, Passwall
     0 | D:1      | Reached XP level 1. HP: 13/13 MP: 8/8
    15 | D:1      | Found Sasawum's Weapon Shoppe.
   304 | D:1      | Found a faded altar of an unknown god.
   338 | D:1      | Reached XP level 2. HP: 18/19 MP: 10/10
   343 | D:1      | Prayed at the altar of an unknown god.
   343 | D:1      | Became a worshipper of Qazlal Stormbringer
   343 | D:1      | Reached * piety under Qazlal
   727 | D:2      | Reached XP level 3. HP: 25/25 MP: 11/11
   786 | D:2      | Learned a level 2 spell: Passwall
  1185 | D:2      | Reached skill level 1 in Invocations
  1393 | D:2      | Reached skill level 1 in Fighting
  1393 | D:2      | Reached skill level 1 in Short Blades
  1393 | D:2      | Reached skill level 1 in Long Blades
  1393 | D:2      | Reached skill level 1 in Axes
  1393 | D:2      | Reached skill level 1 in Maces & Flails
  1393 | D:2      | Reached skill level 1 in Polearms
  1393 | D:2      | Reached skill level 1 in Staves
  1393 | D:2      | Reached skill level 1 in Slings
  1393 | D:2      | Reached skill level 1 in Bows
  1393 | D:2      | Reached skill level 1 in Crossbows
  1393 | D:2      | Reached skill level 1 in Armour
  1393 | D:2      | Reached skill level 1 in Shields
  1393 | D:2      | Reached skill level 1 in Unarmed Combat
  1393 | D:2      | Reached skill level 1 in Evocations
  1428 | D:2      | Reached XP level 4. HP: 32/32 MP: 13/13
  1699 | D:2      | Reached ** piety under Qazlal
  2100 | D:3      | Found a runed translucent door.
  2209 | D:3      | Reached skill level 1 in Conjurations
  2209 | D:3      | Reached skill level 1 in Hexes
  2209 | D:3      | Reached skill level 1 in Summonings
  2209 | D:3      | Reached skill level 1 in Necromancy
  2209 | D:3      | Reached skill level 1 in Translocations
  2209 | D:3      | Reached skill level 1 in Fire Magic
  2209 | D:3      | Reached skill level 1 in Ice Magic
  2209 | D:3      | Reached skill level 1 in Air Magic
  2209 | D:3      | Reached skill level 1 in Earth Magic
  2209 | D:3      | Reached skill level 1 in Poison Magic
  2717 | D:3      | Noticed Patoropollo's ghost (weakling FeTm)
  2729 | D:4      | Noticed a scorpion
  2745 | D:4      | Noticed a necrophage
  2751 | D:4      | Killed a necrophage
  2752 | D:4      | Reached XP level 5. HP: 34/37 MP: 14/14
  2824 | D:4      | Found a transporter.
  2832 | D:4      | Found a transporter.
  2901 | D:4      | Found an iron altar of Okawaru.
  3223 | D:4      | Noticed a centaur
  3235 | D:4      | Killed a centaur
  3236 | D:4      | Reached XP level 6. HP: 14/44 MP: 16/16
  3500 | D:4      | Found a shimmering altar of Xom.
  3812 | D:4      | Found a sacrificial altar of Ru.
  3821 | D:4      | Found a stormy altar of Qazlal.
  4201 | D:1      | Bought a +1 war axe of flaming for 133 gold pieces
  4308 | D:4      | Reached XP level 7. HP: 35/50 MP: 18/18
  4419 | D:4      | HP: 2/50 [orc priest/nerve-wracking pain (13)]
  5004 | D:5      | Entered Level 5 of the Dungeon
  5102 | D:5      | Found a glowing drain.
  5106 | Sewer    | Entered a sewer
  5376 | Sewer    | Reached *** piety under Qazlal
  5385 | Sewer    | Reached skill level 5 in Stealth
  6224 | D:5      | Reached XP level 8. HP: 47/57 MP: 19/19
  6562 | D:5      | Found a bloodstained altar of Trog.
  7913 | D:6      | Reached XP level 9. HP: 46/65 MP: 21/21
  8495 | D:6      | Reached **** piety under Qazlal
  8630 | D:6      | Reached skill level 5 in Dodging
  8752 | D:6      | Found a shadowy altar of Dithmenos.
  8803 | D:6      | Found a burning altar of Makhleb.
  9512 | D:7      | Found a sand-covered staircase.
  9547 | Ossuary  | Entered an ossuary
 10108 | Ossuary  | Identified a scroll of acquirement
 10110 | Ossuary  | Acquired the +1 eveningstar of the Imbibing Oracle {freeze,
                  | rElec Int+6}
 10274 | D:7      | Reached skill level 5 in Invocations
 10353 | D:7      | Found Laetweosm's Gadget Gallery.
 10477 | D:7      | Bought a wand of iceblast (8) for 192 gold pieces
 10477 | D:7      | Bought a wand of iceblast (3) for 112 gold pieces
 10696 | D:7      | Found a staircase to the Ecumenical Temple.
 10723 | D:7      | Reached XP level 10. HP: 69/73 MP: 22/22
 11626 | D:7      | Reached skill level 5 in Fighting
 11626 | D:7      | Reached skill level 5 in Short Blades
 11626 | D:7      | Reached skill level 5 in Long Blades
 11626 | D:7      | Reached skill level 5 in Axes
 11626 | D:7      | Reached skill level 5 in Maces & Flails
 11626 | D:7      | Reached skill level 5 in Polearms
 11626 | D:7      | Reached skill level 5 in Staves
 11626 | D:7      | Reached skill level 5 in Slings
 11626 | D:7      | Reached skill level 5 in Bows
 11626 | D:7      | Reached skill level 5 in Crossbows
 11626 | D:7      | Reached skill level 5 in Armour
 11626 | D:7      | Reached skill level 5 in Shields
 11626 | D:7      | Reached skill level 5 in Unarmed Combat
 11626 | D:7      | Reached skill level 5 in Evocations
 12414 | D:8      | Noticed a two-headed ogre
 12416 | D:8      | Noticed a two-headed ogre
 12421 | D:8      | Killed a two-headed ogre
 12421 | D:8      | Reached ***** piety under Qazlal
 12422 | D:8      | Reached skill level 5 in Transmutations
 12424 | D:8      | Killed a two-headed ogre
 12844 | D:8      | Reached XP level 11. HP: 22/81 MP: 20/24
 14479 | D:9      | Found a staircase to the Lair.
 14500 | D:9      | Reached skill level 5 in Conjurations
 14500 | D:9      | Reached skill level 5 in Hexes
 14500 | D:9      | Reached skill level 5 in Summonings
 14500 | D:9      | Reached skill level 5 in Necromancy
 14500 | D:9      | Reached skill level 5 in Translocations
 14500 | D:9      | Reached skill level 5 in Fire Magic
 14500 | D:9      | Reached skill level 5 in Ice Magic
 14500 | D:9      | Reached skill level 5 in Air Magic
 14500 | D:9      | Reached skill level 5 in Earth Magic
 14500 | D:9      | Reached skill level 5 in Poison Magic
 14640 | D:9      | Found a blossoming altar of Fedhas.
 14735 | D:9      | Identified the ring of Siubb {AC+4 Int+4 SInv}
 14794 | D:10     | Entered Level 10 of the Dungeon
 14794 | D:10     | Noticed Urug
 14979 | Lair:1   | Entered Level 1 of the Lair of Beasts
 15215 | Lair:1   | Found a dark tunnel.
 15241 | Volcano  | Entered a volcano
 16265 | Volcano  | Noticed a stone giant
 16267 | Volcano  | Found a burning altar of Makhleb.
 16763 | Volcano  | Mangled by a stone giant

Illustrated notes

Levels and vault maps discovered:
D:1:      matt_arrival_diagonals, layout_basic, serial_shops, shop,
          hellmonk_ecumenical_altar_slurped_away
D:2:      layout_loops_corners, minmay_pentomino_q4
D:3:      layout_basic, ebering_ghost_reflecting_pool
D:4:      gammafunk_wand_slinger, layout_basic, nicolae_overflow_crystal_walls,
          mainiacjoe_overflow_boulevard, mainiacjoe_overflow_swirl
D:5:      layout_gridville, mainiacjoe_overflow_small_starburst,
          gup_sewer_entry_bowl
D:6:      layout_layer_cave, nicolae_dithmenos_through_a_glass_darkly,
          kennysheep_mini
D:7:      minmay_angry_zag, layout_loops_corners,
          minmay_temple_entry_steel_oval, nicolae_ossuary_entry_monument,
          nicolae_shop_gadgets
D:8:      layout_rooms, serial_co_window_serial, co_window_paths_b,
          co_window_corner_a, co_window_corner_a, co_window_corner_a,
          co_window_paths_a, co_window_broadway_c, co_window_of_opportunity_c,
          co_window_2corner, co_window_of_opportunity_b, co_window_corner_b,
          co_window_of_opportunity_b, co_window_paths_e, glass_columns_b,
          glass_columns_a, glass_columns_a, glass_columns_c,
          kennysheep_kite_vault
D:9:      layout_small_grid, fedhas_altar_2, lair_entry_dummy,
          minmay_misc_feat_doors
D:10:     layout_big_octagon, nicolae_hepliaklqana_monster_ancestors, uniq_urug
Lair:1:   layout_roguey, enter_volcano_1, serial_bayou_shore_a
Volcano:  volcano_grotto [vgs_dualism]

Skill      XL: |  1  2  3  4  5  6  7  8  9 10 11 |
---------------+----------------------------------+-----
Transmutations | 2 3 4 5 |  5.8
Invocations    | 1 2 3 4 5 6 7 |  7.1
Fighting       | 1 2 3 4 5 6 |  6.4
Short Blades   | 1 2 3 4 5 6 |  6.4
Long Blades    | 1 2 3 4 5 6 |  6.4
Axes           | 1 2 3 4 5 6 |  6.4
Maces & Flails | 1 2 3 4 5 6 |  6.4
Polearms       | 1 2 3 4 5 6 |  6.4
Staves         | 1 2 3 4 5 6 |  6.4
Slings         | 1 2 3 4 5 6 |  6.4
Bows           | 1 2 3 4 5 6 |  6.4
Crossbows      | 1 2 3 4 5 6 |  6.4
Armour         | 1 2 3 4 5 6 |  6.4
Shields        | 1 2 3 4 5 6 |  6.4
Unarmed Combat | 1 2 3 4 5 6 |  6.4
Evocations     | 1 2 3 4 5 6 |  6.4
Conjurations   | 1 2 3 4 5 |  5.3
Hexes          | 1 2 3 4 5 |  5.3
Summonings     | 1 2 3 4 5 |  5.3
Necromancy     | 1 2 3 4 5 |  5.3
Translocations | 1 2 3 4 5 |  5.3
Fire Magic     | 1 2 3 4 5 |  5.3
Ice Magic      | 1 2 3 4 5 |  5.3
Air Magic      | 1 2 3 4 5 |  5.3
Earth Magic    | 1 2 3 4 5 |  5.3
Poison Magic   | 1 2 3 4 5 |  5.3
Dodging        | 3 4 5 6 7 |  7.0
Throwing       | 7 8 9 |  9.3
Stealth        | 5 6 7 |  7.8
Spellcasting   | 8 9 |  9.7

Action                   |  1- 3 |  4- 6 |  7- 9 | 10-12 || total
-------------------------+-------+-------+-------+-------++-------
Melee: Dagger            |    53 |    56 |       |       ||   109
       Bite              |     3 |     8 |    28 |    23 ||    62
       War axe           |       |    66 |   290 |       ||   356
       Eveningstar       |       |       |    42 |   199 ||   241
       Morningstar       |       |       |       |     1 ||     1
Throw: Stone             |    82 |    79 |    44 |   154 ||   359
       Throwing net      |       |     2 |     2 |       ||     4
       Dart              |       |       |     3 |       ||     3
Invok: Upheaval          |       |       |     5 |     1 ||     6
       Elemental Force   |       |       |       |     1 ||     1
Evoke: Wand              |       |     2 |     9 |     9 ||    20
  Use: Scroll            |       |     8 |     6 |    17 ||    31
       Potion            |       |       |     3 |     5 ||     8
 Stab: Held in net/web   |       |     1 |     1 |       ||     2
       Paralysed         |       |       |       |     1 ||     1
       Distracted        |       |       |       |     1 ||     1
Armor: Robe              |    13 |       |       |       ||    13
       Scale mail        |     2 |       |       |       ||     2
       Plate armour      |       |    94 |   233 |   135 ||   462
Dodge: Dodged            |    20 |    11 |    38 |    68 ||   137
       Repelled          |       |       |       |     7 ||     7
Block: Kite shield       |     2 |    77 |   291 |    85 ||   455
       Other             |     1 |       |       |       ||     1
       Buckler           |       |       |       |   168 ||   168

Table legend: (Time is in decaauts)
 A = Elapsed time spent in this place.
 B = Non-inter-level travel time spent in this place.
 C = Inter-level travel time spent in this place.
 D = Time resting spent in this place.
 E = Time spent auto-exploring this place.
 F = Levels seen in this place.
 G = Mean time per level.
                   A        B        C        D        E       F      G
               +--------+--------+--------+--------+--------+-----+--------+
         Total |  17071 |  16387 |    684 |   2562 |  11034 |  14 | 1219.4 |
       Dungeon |  13700 |  13016 |    684 |   2127 |   9088 |  10 | 1370.0 |
          Lair |    269 |    269 |      0 |      0 |     70 |   1 |  269.0 |
         Sewer |   1046 |   1046 |      0 |    166 |    532 |   1 | 1046.0 |
       Ossuary |    584 |    584 |      0 |    251 |    203 |   1 |  584.0 |
       Volcano |   1471 |   1471 |      0 |     17 |   1141 |   1 | 1471.0 |
               +--------+--------+--------+--------+--------+-----+--------+

Top non-repeatable levels by time:
     D:4: 2131 daAuts
     D:7: 2043 daAuts
     D:8: 1975 daAuts
     D:5: 1847 daAuts
     D:6: 1778 daAuts
     D:2: 1573 daAuts
 Volcano: 1471 daAuts
   Sewer: 1046 daAuts
     D:9: 1023 daAuts
     D:3: 747 daAuts
 Ossuary: 584 daAuts
     D:1: 577 daAuts
  Lair:1: 269 daAuts
    D:10: 1 daAuts
